 Dungeon Crawl Stone Soup version 0.22.0-78-g6c94d2c (webtiles) character file.

62 MalarOregon the Skirmisher (level 4, 0/40 HPs)
             Began as a Hill Orc Fighter on Sept 16, 2018.
             Succumbed to an adder's poison
             ... on level 2 of the Dungeon.
             The game lasted 00:01:47 (943 turns).

MalarOregon the Skirmisher (Hill Orc Fighter)        Turns: 943, Time: 00:01:48

Health: 0/40       AC:  7    Str: 20 (23) XL:     4   Next: 8%
Magic:  4/4        EV:  7    Int:  6 (9)  God:
Gold:   40         SH:  9    Dex:  9 (10) Spells: 3/3 levels left

rFire    . . .     SeeInvis .   a - +0 war axe
rCold    . . .     Gourm    .   c - +0 shield
rNeg     . . .     Faith    .   b - +0 scale mail
rPois    .         Spirit   .   (no helmet)
rElec    .         Reflect  .   (no cloak)
rCorr    .         Harm     .   (no gloves)
MR       ++...                  (no boots)
Stlth    ..........             (no amulet)
HPRegen  0.13/turn              (no ring)
MPRegen  0.09/turn              (no ring)

@: mighty, lethally poisoned (0 -> -5), flying
A: blink, deterioration 1, magic resistance 2
a: Blink


You were on level 2 of the Dungeon.
You were hungry.

You visited 1 branch of the dungeon, and saw 2 of its levels.

You collected 40 gold pieces.

Inventory:

Hand Weapons
 a - a +0 war axe (weapon)
Missiles
 l - 3 tomahawks (quivered)
Armour
 b - a +0 scale mail (worn)
 c - a +0 shield (worn)
Scrolls
 h - 3 scrolls of identify {unknown}
 j - a scroll of immolation {unknown}
 k - a scroll of fog {unknown}
Potions
 d - a potion of might
 e - 2 potions of flight
 m - a potion of degeneration
Comestibles
 f - 4 rations
 i - a chunk of flesh


   Skills:
 + Level 4.2 Fighting
 + Level 3.6 Axes
 + Level 3.9 Armour
 + Level 3.8 Shields


You had 3 spell levels left.
You didn't know any spells.
Your spell library was empty.

Dungeon Overview and Level Annotations

Branches:
Dungeon (2/15)

Altars:


Innate Abilities, Weirdness & Mutations

You can translocate small distances at will.
Your body sometimes deteriorates upon taking damage.
You are highly resistant to hostile enchantments. (MR++)


Message History

You hit the adder.
The adder is severely wounded.
You feel sick. The adder bites you.
* * * LOW HITPOINT WARNING * * *
You are lethally poisoned!
The adder poisons you! The adder bites you.
* * * LOW HITPOINT WARNING * * *
You hit the adder.
You kill the adder!
You have reached level 4!
* * * LOW HITPOINT WARNING * * *
You feel sick.
You feel very mighty all of a sudden. You block the rat's attack.
You are feeling hungry.
You slash the rat!
You kill the rat!
* * * LOW HITPOINT WARNING * * *
You feel sick.
You die...

...# #.. #.. #..
#.# #.# ### ## #†#
.. (. #@# .♣.♣.♣.
.#####†###.......
#......w..r......<
#######...#(......
##.##.♣.♣.♣. #.#
.. .. #.# ######
#.# #..# #.# #..#


You could see a worm.

Vanquished Creatures
  2 adders (D:2)
  2 dart slugs (D:1)
  A ball python (D:1)
  5 giant cockroaches (D:1)
  5 goblins
  6 hobgoblins (D:1)
  6 bats
  2 frilled lizards (D:1)
  6 kobolds
  2 rats
37 creatures vanquished.

Notes
Turn   | Place    | Note
-------+----------+-------------------------------------------
     0 | D:1      | MalarOregon the Hill Orc Fighter began the quest for the
                  | Orb.
     0 | D:1      | Reached XP level 1. HP: 19/19 MP: 1/1
   108 | D:1      | Reached XP level 2. HP: 14/27 MP: 2/2
   373 | D:1      | Reached skill level 4 in Fighting
   426 | D:1      | Reached XP level 3. HP: 31/33 MP: 3/3
   938 | D:2      | Gained mutation: You can translocate small distances at
                  | will. [potion of mutation]
   938 | D:2      | Gained mutation: You are resistant to hostile enchantments.
                  | (MR+) [potion of mutation]
   938 | D:2      | Gained mutation: Your body sometimes deteriorates upon
                  | taking damage. [potion of mutation]
   938 | D:2      | Gained mutation: You are highly resistant to hostile
                  | enchantments. (MR++) [potion of mutation]
   940 | D:2      | Reached XP level 4. HP: 2/40 MP: 4/4
   940 | D:2      | HP: 1/40 [poisoned by an adder]
   943 | D:2      | Succumbed to an adder's poison

Skill      XL: |  1  2 |
---------------+-------+-----
Axes           | 3 |  3.6
Fighting       | 4 |  4.2
Armour         | |  3.9
Shields        | |  3.8

Action                   |  1- 3 |  4- 6 || total
-------------------------+-------+-------++-------
Melee: War axe           |   133 |     1 ||   134
  Use: Potion            |     3 |     1 ||     4
Armor: Scale mail        |    97 |       ||    97
Dodge: Dodged            |    56 |       ||    56
Block: Shield            |    77 |     1 ||    78
